 Dungeon Crawl Stone Soup version 0.30-a0-758-gc2c871d025 (webtiles) character file.

Game seed: 13550136574195010216

2221 Majang the Cleaver (level 9, -3/55 HPs)
             Began as a Tengu Berserker on Feb 10, 2023.
             Was a Priest of Trog.
             Killed from afar by an acid dragon (26 damage)
             ... with a splash of acid
             ... on level 7 of the Dungeon.
             The game lasted 00:18:40 (6485 turns).

Majang the Cleaver (Tengu Berserker)                Turns: 6485, Time: 00:18:40

Health: -3/55      AC: 10    Str: 23    XL:     9   Next: 35%
Magic:  10/10      EV: 17    Int:  7    God:    Trog [***...]
Gold:   430        SH:  5    Dex: 13    Spells: 8/8 levels left

rFire   . . .      SeeInvis .    E - +0 battleaxe
rCold   . . .      Faith    .    (shield currently unavailable)
rNeg    . . .      Spirit   .    y - +0 chain mail
rPois   +          Reflect  +    (helmet restricted)
rElec   .          Harm     .    (no cloak)
rCorr   .          Rampage  .    (no gloves)
Will    .....                    (boots unavailable) Stlth
                                 B - amulet of reflection
HPRegen 0.29/turn                g - ring of poison resistance
MPRegen 0.12/turn                D - +5 ring of evasion

@: flying quickly and evasively, studying Shields, quick
A: beak, talons 3, nimble flight
a: Renounce Religion, Berserk, Trog's Hand


You were on level 7 of the Dungeon.
You worshipped Trog.
Trog was most pleased with you.
You visited 1 branch of the dungeon, and saw 7 of its levels.

You collected 488 gold pieces.
You spent 58 gold pieces at shops.

Inventory:

Hand Weapons
 a - a +1 vampiric hand axe
 m - a +3 hand axe
 p - a +0 dire flail
 E - a +0 battleaxe (weapon)
 G - a -1 executioner's axe
Missiles
 f - a boomerang (quivered)
 v - a throwing net
Armour
 l - a +2 leather armour of cold resistance
 y - a +0 chain mail (worn)
 F - +0 steam dragon scales
Jewellery
 g - a ring of poison resistance (left hand)
 q - a ring of positive energy
 B - an amulet of reflection (around neck)
 D - a +5 ring of evasion (right hand)
Wands
 d - a wand of quicksilver (9)
 j - a wand of roots (10)
 u - a wand of charming (17)
 C - a wand of digging (2)
Scrolls
 b - a scroll of teleportation
 x - a scroll of enchant weapon
Potions
 c - 2 potions of curing
 e - 4 potions of mutation
 h - a potion of ambrosia
 i - 2 potions of cancellation
 k - a potion of haste
 n - 3 potions of might
 r - 2 potions of attraction
 s - 4 potions of lignification {unknown}
 t - 2 potions of resistance
 w - a potion of invisibility {unknown}
 z - 2 potions of flight {unknown}
 A - a potion of brilliance {unknown}


   Skills:
 + Level 6.3 Fighting
 * Level 9.4 Axes
 + Level 5.7 Armour
 + Level 5.6 Dodging
 + Level 1.9 Evocations


You had 8 spell levels left.
You didn't know any spells.
Your spell library was empty.

Dungeon Overview and Level Annotations

Branches:
Dungeon (7/15)             Temple (0/1) D:7

Altars:
Dithmenos
Fedhas
Gozag
Makhleb
Ru
Trog
Vehumet
Wu Jian
Yredelemnul
Zin
The Shining One

Shops:
D:2 =   D:4 *

Annotations:
D:4 3 runed translucent doors, TimeIsEndless's ghost, novice OgGl


Innate Abilities, Weirdness & Mutations

You have a beak for a mouth.
You have claws for feet.
Your magical nature lets you fly swiftly and evasively.


Message History

Found 2 stones.
The ice beast closely misses you.
A hornet comes into view.
You closely miss the ice beast.
The hornet buzzes angrily.
You claw the ice beast, but do no damage.
The ice beast barely misses you. The ice beast misses you.
You slash the ice beast! You claw the ice beast!
The ice beast is almost dead.
The ice beast closely misses you.
You hit the ice beast. You claw the ice beast.
You kill the ice beast!
Trog accepts your kill.
You slice the hornet!! You claw the hornet, but do no damage.
The hornet is severely wounded.
The hornet completely misses you. You block the hornet's attack.
You slice the hornet!!
You kill the hornet!
Trog accepts your kill.
An acid dragon comes into view.
The acid dragon roars!
A shadow imp comes into view.
The shadow imp shouts!
The acid dragon spits acid at you. The splash of acid hits you!!
You hear a shout! x2
You barely miss the acid dragon. Your kick misses the acid dragon.
You block the acid dragon's attack.
The acid dragon completely misses you. x2
You block the acid dragon's attack. The shadow imp misses you.
You completely miss the acid dragon. You closely miss the shadow imp.
The acid dragon barely misses you. The acid dragon closely misses you.
The shadow imp gestures at you. Pain shoots through your body!
You hit the acid dragon.
You claw the acid dragon, but do no damage.
You peck the acid dragon, but do no damage.
The acid dragon is lightly wounded.
You hit the shadow imp. The acid dragon spits acid at you.
The splash of acid hits you!!
You die...

,,,,,,,,,,,,,,#.......#..........
,,,,,****~~*###.......#..........
,,,,,+,,<.,∩,.'.......#....######
,********≈≈***#.......#...##⌠,,,#
,**,,,,,,...,,#.......#..##**,*~^
,**,,,,,,#...,#.......#.##*,,*~⌠~
,,,,,,,,,#....#.......#.#,,,,,*~^
,,,,,,,,,#....'5......#.#,*,*~*,~
,,,,,,,,,*,...#D@.....#.#,*,~⌠⌠,,
,,>,,,,,,*,,,,#.......#.#*,**~*,~
****,,,,,***+*#.......###*,,*⌠^*~
,,,,,,>,,**,,...#######,,,,,,*,~,
,,,,,,,,,,*,....*,,,,,,,*,~*,,,~~
,,,,,,,,,,#.....*,,,,,,,*,~,*^~*,
,,,,*,,,,,#.....*,,,,,,,*~~^*⌠,~,
,,,,*,,,,,#.....*,,,,,***,~,~,,*,
,,,,*,,,,,*,,,,,*,,,,,***,,^***,~


You could see an acid dragon (catching breath) and a shadow imp.

Vanquished Creatures
  A hornet (D:7)
  Eustachio (D:4)
  A steam dragon (D:7)
  A water moccasin (D:6)
  Duvessa (D:5)
  2 ice beasts
  An ogre (D:5)
  A centaur (D:6)
  A kobold brigand (D:7)
  3 phantoms (D:5)
  A necrophage (D:6)
  3 scorpions
  Dowan (D:5)
  2 orc priests
  4 hounds
  Jessica (D:2)
  5 iguanas
  Ijyb (D:5)
  Terence (D:3)
  2 orc wizards
  Robin (D:3)
  6 adders
  3 gnolls (D:5)
  A white imp (D:5)
  4 dart slugs
  9 orcs
  8 endoplasms
  2 giant cockroaches
  14 goblins
  9 hobgoblins
  2 jackals (D:5)
  3 quokkas
  5 ball pythons
  15 bats
  4 frilled lizards
  13 kobolds
  2 rats
135 creatures vanquished.

Vanquished Creatures (others)
  16 fungi
  6 plants (D:3)
22 creatures vanquished.

Grand Total: 157 creatures vanquished

Notes
Turn   | Place    | Note
-------+----------+-------------------------------------------
     0 | D:1      | Majang the Tengu Berserker began the quest for the Orb.
     0 | D:1      | Reached XP level 1. HP: 14/14 MP: 2/2
   267 | D:1      | Reached XP level 2. HP: 19/19 MP: 3/3
   390 | D:1      | Reached skill level 4 in Axes
   565 | D:1      | Reached XP level 3. HP: 23/23 MP: 4/4
   869 | D:2      | Found Bouw's Jewellery Emporium.
  1054 | D:2      | Noticed Jessica
  1061 | D:2      | Killed Jessica
  1360 | D:2      | Reached XP level 4. HP: 28/28 MP: 5/5
  1783 | D:2      | Reached ** piety under Trog
  1902 | D:2      | Reached skill level 5 in Axes
  2011 | D:3      | Gained mutation: Your magical nature lets you fly swiftly
                  | and evasively. [Tengu growth]
  2011 | D:3      | Reached XP level 5. HP: 29/33 MP: 6/6
  2044 | D:3      | Identified the +1 leather armour of the Thinker {Dex+4}
  2132 | D:3      | Noticed Terence
  2149 | D:3      | Killed Terence
  2272 | D:3      | Noticed Robin
  2280 | D:3      | Killed Robin
  2529 | D:3      | Found a bloodstained altar of Trog.
  2747 | D:4      | Found a sacrificial altar of Ru.
  2824 | D:4      | Noticed Eustachio
  2833 | D:4      | Killed Eustachio
  2834 | D:4      | Reached skill level 6 in Axes
  2834 | D:4      | Reached XP level 6. HP: 39/39 MP: 7/7
  3014 | D:4      | Found a burning altar of Makhleb.
  3014 | D:4      | Noticed a balrug
  3084 | D:4      | Found a glowing golden altar of the Shining One.
  3086 | D:4      | Found a basalt altar of Yredelemnul.
  3087 | D:4      | Found a radiant altar of Vehumet.
  3097 | D:4      | Reached *** piety under Trog
  3367 | D:4      | Found Qonuhu's Assorted Antiques.
  3373 | D:4      | Bought a scroll labelled NARYOC UWOEWI for 21 gold pieces
  3373 | D:4      | Bought 2 red potions for 37 gold pieces
  3423 | D:4      | Found a runed translucent gate.
  3424 | D:4      | Found a runed translucent gate.
  3424 | D:4      | Found an opulent altar of Gozag.
  3425 | D:4      | Found a runed translucent gate.
  3426 | D:4      | Noticed TimeIsEndless's ghost (novice OgGl)
  3630 | D:5      | Entered Level 5 of the Dungeon
  3634 | D:5      | Reached XP level 7. HP: 44/44 MP: 8/8
  3828 | D:5      | Noticed Ijyb
  3831 | D:5      | Killed Ijyb
  3924 | D:5      | Reached skill level 7 in Axes
  3927 | D:5      | Reached skill level 5 in Fighting
  4001 | D:5      | Found a glowing silver altar of Zin.
  4162 | D:5      | Noticed Duvessa
  4180 | D:5      | Killed Duvessa
  4181 | D:5      | Reached XP level 8. HP: 49/49 MP: 9/9
  4214 | D:5      | Noticed Dowan
  4238 | D:5      | Killed Dowan
  4934 | D:6      | Reached skill level 8 in Axes
  5042 | D:6      | Reached skill level 5 in Armour
  5150 | D:6      | Found an ornate altar of the Wu Jian Council.
  5177 | D:6      | Reached skill level 5 in Dodging
  5301 | D:6      | Found a blossoming altar of Fedhas.
  5605 | D:6      | Reached XP level 9. HP: 55/55 MP: 10/10
  5729 | D:6      | Reached skill level 9 in Axes
  6098 | D:7      | Reached skill level 1 in Evocations
  6098 | D:7      | Found a shadowy altar of Dithmenos.
  6463 | D:7      | Noticed a hornet
  6468 | D:7      | Killed a hornet
  6485 | D:7      | Killed from afar by an acid dragon

Illustrated notes

Levels and vault maps discovered:
D:1:      dpeg_arrival_boxorama, layout_loops_ring, due_unseen_surprise
D:2:      layout_basic, serial_shops, nicolae_shop_waterfront, uniq_jessica
D:3:      layout_rooms, mainiacjoe_overflow_24_doors, corexii_shack,
          serial_bayou_lake_a, uniq_robin, uniq_terence
D:4:      layout_loops_ring, makhleb_altar_promises_db,
          mainiacjoe_overflow_cross_hatched, grunt_temple_overflow_open,
          ebering_ghost_gozag, serial_shops, shop, uniq_eustachio
D:5:      layout_basic, zin_statuary, minmay_manual_macuahuitl, uniq_duvessa,
          uniq_ijyb
D:6:      old_forge, layout_loops_ring, lemuel_crystal_altar,
          mainiacjoe_overflow_small_starburst
D:7:      layout_gridville, tgw_xom, mainiacjoe_overflow_brackets,
          minmay_temple_entry_purple_smoke, serial_shops,
          nicolae_shop_hallway_stairs

Skill      XL: |  1  2  3  4  5  6  7  8  9 |
---------------+----------------------------+-----
Axes           | 4 5 6 7 8 9 |  9.4
Fighting       | 4 5 6 |  6.3
Armour         | 3 4 5 |  5.7
Dodging        | 3 4 5 |  5.6
Evocations     | 1 |  1.9

Action                     |  1- 3 |  4- 6 |  7- 9 || total
---------------------------+-------+-------+-------++-------
  Melee: Hand axe          |    53 |   122 |   143 ||   318
         Kick              |    14 |    32 |    60 ||   106
         Peck              |     4 |    23 |    36 ||    63
         Punch             |       |     1 |     2 ||     3
         Battleaxe         |       |       |    57 ||    57
 Invoke: Berserk           |     1 |     2 |     5 ||     8
    Use: Potion            |       |     1 |       ||     1
         Scroll            |       |    11 |     6 ||    17
 Armour: Ring mail         |    14 |     7 |       ||    21
         Animal skin       |     2 |       |       ||     2
         Scale mail        |       |    19 |    57 ||    76
  Dodge: Dodged            |    32 |    50 |   156 ||   238
  Block: Other             |       |       |    14 ||    14

Table legend: (Time is in decaauts)
 A = Elapsed time spent in this place.
 B = Non-inter-level travel time spent in this place.
 C = Inter-level travel time spent in this place.
 D = Time resting spent in this place.
 E = Time spent auto-exploring this place.
 F = Levels seen in this place.
 G = Mean time per level.
                   A        B        C        D        E       F      G
               +--------+--------+--------+--------+--------+-----+--------+
         Total |   6270 |   5916 |    354 |   1284 |   3360 |   7 |  895.7 |
       Dungeon |   6270 |   5916 |    354 |   1284 |   3360 |   7 |  895.7 |
               +--------+--------+--------+--------+--------+-----+--------+

Top non-repeatable levels by time:
     D:5: 1240 daAuts
     D:2: 1131 daAuts
     D:6: 968 daAuts
     D:1: 868 daAuts
     D:4: 798 daAuts
     D:3: 749 daAuts
     D:7: 514 daAuts
